AoeStats
← Barón de la Cerveza

Hideout

509709310Analyzed
1v1 RM · 5d ago on Sep 27, 2026· 40m 4s· 2 players
Game mode
Random Map
Map size
Tiny (2 player)
Population
200
Speed
Normal
Resources
Standard
Victory
Conquest
Starting age
Dark Age
Ending age
Imperial Age
RankedLock teamsTeams togetherTeam positionsShared explorationLock speedFull tech treeHidden civsTurbo modeCheats
Victory
Defeat
🇦🇷 Spanish · Argentina
1987
+11
🇲🇽 Bohemians · Mexico
1866
-11
Barón de la Cerveza
9:48 Feudal Age
14:03 Castle Age
12:42 Double-Bit Axe
13:15 Horse Collar
15:42 Heavy Plow
19:49 Fervor
20:32 Loom
21:34 Wheelbarrow
22:54 Sanctity
29:09 Imperial Age
27:48 Bow Saw
27:28 Pikeman
28:08 Squires
33:29 Chemistry
40:16 Conscription
39:54 Elite Skirmisher
40:27 Fletching
Ardilla Juana
10:51 Feudal Age
14:25 Castle Age
12:21 Double-Bit Axe
12:37 Horse Collar
16:21 Wheelbarrow
17:42 Bow Saw
21:47 Loom
21:48 Town Watch
26:53 Hand Cart
31:44 Imperial Age
29:40 Devotion
30:00 Sanctity
32:58 Scale Barding Armor
32:15 Elite Conquistador
33:17 Conscription
34:25 Chemistry
34:14 Padded Archer Armor
37:52 Leather Archer Armor
37:58 Chain Barding Armor
37:49 Forging
37:42 Heavy Plow
39:00 Masonry
39:02 Fortified Wall
39:47 Gold Mining
39:48 Stone Mining
40:36 Ring Archer Armor
40:42 Plate Barding Armor
40:03 Fletching
Connection lost

Rejoining the realm…

Still unreachable

The connection could not be restored.

Session expired

The server has moved on; the page needs a fresh start.